 Dungeon Crawl Stone Soup version 0.31-a0-198-g2ad674f65e (webtiles) character file.

Game seed: 1369284890422682651

294 qw the Skirmisher (level 6, -4/35 HPs)
             Began as a Deep Elf Hunter on June 25, 2023.
             Slain by a bullfrog (6 damage)
             ... in a sewer.
             The game lasted 00:01:09 (2239 turns).

qw the Skirmisher (Deep Elf Hunter)                 Turns: 2239, Time: 00:01:10

Health: -4/35      AC:  6    Str: 10    XL:     6   Next: 11%
Magic:  8/8        EV: 16    Int: 14    God:
Gold:   120        SH:  0    Dex: 18    Spells: 5/5 levels left

rFire   + . .        Y - +0 shortbow
rCold   . . .        (shield currently unavailable)
rNeg    . . .        i - +0 ring mail
rPois   .            (no helmet)
rElec   .            b - scarf {repulsion}
rCorr   .            j - +0 pair of gloves
SInv    .            (no boots)
Will    .....        (no amulet)
Stlth   +            g - ring "Vusyri" {rF+ EV+5}
HPRegen 0.25/turn    (no ring)
MPRegen 0.11/turn

%: repel missiles
@: no status effects
A: no striking features
a: no special abilities


You were in a sewer.
You visited 1 branch of the dungeon, and saw 3 of its levels.
You also visited: Sewer.

You collected 120 gold pieces.


   Skills:
 - Level 2.0 Fighting
 + Level 9.5 Ranged Weapons
 - Level 2.4 Dodging
 - Level 1.2 Stealth


You had 5 spell levels left.
You didn't know any spells.
Your spell library was empty.

Inventory:

Hand Weapons
 Y - a +0 shortbow (weapon)
Armour
 b - a scarf of repulsion (worn)
 i - a +0 ring mail (worn)
 j - a +0 pair of gloves (worn)
Jewellery
 g - the ring "Vusyri" (left hand) {rF+ EV+5}
   (You acquired it on level 1 of the Dungeon)

   [ring of evasion]

   EV:        It affects your evasion (+5).
   rF:        It protects you from fire.
Scrolls
 a - 2 scrolls of identify
 n - a scroll of immolation {unknown}
 p - a scroll of fear {unknown}
Potions
 c - a potion of enlightenment {unknown}
 d - a potion of haste {unknown}
 e - a potion of ambrosia {unknown}
 f - 3 potions of curing
 h - a potion of heal wounds {unknown}
 k - a potion of degeneration {unknown}
 l - a potion of cancellation {unknown}
 m - a potion of resistance {unknown}
 o - a potion of mutation {unknown}

Dungeon Overview and Level Annotations

Branches:
Dungeon (3/15)              Sewer (1/1)

Altars:
Fedhas
Xom


Message History

The bullfrog hits you but does no damage.
You shoot an arrow. The arrow hits the bullfrog.
The bullfrog is moderately wounded.
The ball python closely misses you. The ball python grabs you.
The ball python constricts you.
The ball python bites you but does no damage.
The frilled lizard unfolds its giant frill.
The bullfrog hits you but does no damage. x2
The ball python bites you but does no damage.
The ball python constricts you.
The ball python bites you but does no damage.
You shoot an arrow. The arrow hits the ball python.
You kill the ball python!
The bullfrog barely misses you. The bullfrog completely misses you.
The ball python bites you but does no damage.
The ball python grabs you. The ball python constricts you.
The bullfrog hits you but does no damage.
The bullfrog hits you.
The frilled lizard bites you but does no damage.
You shoot an arrow.
The arrow closely misses the ball python.
The bullfrog closely misses you. The bullfrog misses you.
The ball python bites you. The ball python constricts you.
The frilled lizard closely misses you. The bullfrog closely misses you.
The bullfrog barely misses you.
You shoot an arrow. The arrow hits the ball python!
You kill the ball python!
The bullfrog completely misses you. The bullfrog hits you.
The frilled lizard barely misses you.
You shoot an arrow. The arrow hits the bullfrog!
The bullfrog is heavily wounded.
The bullfrog barely misses you. x2; The frilled lizard closely misses you.
The bullfrog barely misses you. The bullfrog hits you.
You shoot an arrow. The arrow hits the bullfrog!
The bullfrog is almost dead.
The bullfrog hits you but does no damage.
The bullfrog hits you. The frilled lizard misses you.
You shoot an arrow. The arrow barely misses the bullfrog.
The bullfrog hits you. x2
You die...

#..'%...# #..#....#
####...##
###################....#
..~~~~~~~~~~~~~~~#.....#
..~~~~~~~~~~~~~~~~....##
..~~~~~~~~~~~~~~~.....#
.~~~~~~#l~~~~~~~~.....#
.~~~~~SF@.~~~~~~~....##
..~~~~lF~~~~~~~~~..###
####################


You could see 2 bullfrogs, an adder and 2 frilled lizards.

Vanquished Creatures
  Jessica (D:3)
  An orc wizard (D:3)
  3 gnolls (D:3)
  6 river rats
  7 adders
  2 worms
  2 dart slugs (D:1)
  3 orcs (D:3)
  7 endoplasms
  6 giant cockroaches
  5 goblins
  3 hobgoblins
  3 quokkas
  11 ball pythons
  2 bats (D:2)
  6 frilled lizards
  3 kobolds
  28 rats
99 creatures vanquished.

Notes
Turn   | Place    | Note
-------+----------+-------------------------------------------
     0 | D:1      | qw the Deep Elf Hunter began the quest for the Orb.
     0 | D:1      | Reached XP level 1. HP: 12/12 MP: 3/3
     0 | D:1      | 0 ||| qw: Version: 0.3-a-22-g0ed2b0b
     0 | D:1      | 0 ||| qw: Game counter: 5004
     0 | D:1      | 0 ||| qw: Melee chars always use a shield: true
     0 | D:1      | 0 ||| qw: God list: Okawaru
     0 | D:1      | 0 ||| qw: Allow faded altars: false
     0 | D:1      | 0 ||| qw: Do Orc after clearing Dungeon:15 true
     0 | D:1      | 0 ||| qw: Do second Lair branch before Depths: true
     0 | D:1      | 0 ||| qw: Lair rune preference: random
     0 | D:1      | 0 ||| qw: Goals: Normal
     0 | D:1      | 0 ||| PLANNING D:1-11
    91 | D:1      | 91 ||| FLEEEEING.
    92 | D:1      | 92 ||| FLEEEEING.
    93 | D:1      | 93 ||| FLEEEEING.
    94 | D:1      | 94 ||| FLEEEEING.
   163 | D:1      | Reached skill level 6 in Ranged Weapons
   163 | D:1      | Reached XP level 2. HP: 10/16 MP: 4/4
   450 | D:1      | HP: 4/16 [frozen (4)]
   660 | D:1      | Reached XP level 3. HP: 20/20 MP: 5/5
   795 | D:1      | 795 ||| UPGRADING to +0 pair of gloves.
   800 | D:1      | 800 ||| READING 2 scrolls labelled SILLAXTIRE.
   801 | D:1      | 801 ||| READING scroll labelled REANAS UCALO.
   801 | D:1      | Identified a scroll of acquirement
   801 | D:1      | 801 ||| ACQUIRING ring "Vusyri" {rF+ EV+5}
   801 | D:1      | Acquired the ring "Vusyri" {rF+ EV+5}
   803 | D:1      | 803 ||| UPGRADING to ring "Vusyri" {rF+ EV+5}.
   804 | D:1      | 804 ||| DRINKING 4 ruby potions.
   805 | D:1      | 805 ||| DROPPING scroll of fog.
   806 | D:1      | 806 ||| DROPPING scroll of butterflies.
   912 | D:2      | Reached skill level 7 in Ranged Weapons
  1081 | D:2      | Reached XP level 4. HP: 19/25 MP: 6/6
  1269 | D:2      | Found a shimmering altar of Xom.
  1397 | D:2      | 1397 ||| UPGRADING to scarf of repulsion.
  1402 | D:2      | 1402 ||| READING scroll labelled JUMEPL KYWI.
  1414 | D:3      | 1414 ||| PLANNING SEWER
  1457 | D:3      | Found a blossoming altar of Fedhas.
  1529 | D:3      | Noticed Jessica
  1532 | D:3      | Killed Jessica
  1533 | D:3      | Reached skill level 8 in Ranged Weapons
  1627 | D:3      | 1627 ||| DRINKING 6 potions of curing.
  1627 | D:3      | 1627 ||| (to cure confusion)
  1628 | D:3      | 1628 ||| DRINKING 5 potions of curing.
  1628 | D:3      | 1628 ||| (to cure confusion)
  1633 | D:3      | 1633 ||| DRINKING 4 potions of curing.
  1633 | D:3      | 1633 ||| (to cure confusion)
  1642 | D:3      | Reached XP level 5. HP: 28/29 MP: 7/7
  1856 | D:3      | Found a glowing drain.
  1863 | D:3      | 1863 ||| UPGRADING to +0 ring mail.
  1873 | D:3      | 1873 ||| DROPPING +0 leather armour.
  1874 | D:3      | 1874 ||| READING 2 scrolls labelled RUESIKHUUPI.
  1897 | D:3      | Reached skill level 9 in Ranged Weapons
  1902 | Sewer    | Entered a sewer
  1915 | Sewer    | 1915 ||| Stepping ~*~*~tactically~*~*~ (water).
  1931 | Sewer    | 1931 ||| Stepping ~*~*~tactically~*~*~ (water).
  2106 | Sewer    | 2106 ||| Stepping ~*~*~tactically~*~*~ (water).
  2110 | Sewer    | Reached XP level 6. HP: 35/35 MP: 8/8
  2220 | Sewer    | 2220 ||| Stepping ~*~*~tactically~*~*~ (water).
  2236 | Sewer    | HP: 8/35 [bullfrog (2)]
  2238 | Sewer    | HP: 3/35 [bullfrog (4)]
  2239 | Sewer    | Slain by a bullfrog

Levels and vault maps discovered:
D:1:      dpeg_arrival_signposts, layout_basic, minmay_misc_feat_room
D:2:      layout_loops_ring, basic_altar
D:3:      layout_loops_corners, fedhas_altar_1, mainiacjoe_overflow_alcove_2,
          portal_sewer_entry_c, uniq_jessica
Sewer:    sewer_minmay_w

Skill      XL: |  1  2  3  4  5 |
---------------+----------------+-----
Ranged Weapons | 6 7 8 9 |  9.5
Fighting       | 2 |  2.0
Dodging        | |  2.4
Stealth        | |  1.2

Action                     |  1- 3 |  4- 6 || total
---------------------------+-------+-------++-------
   Fire: Shortbow          |   107 |   203 ||   310
    Use: Scroll            |     2 |     2 ||     4
         Potion            |     1 |     3 ||     4
 Armour: Leather armour    |     6 |     2 ||     8
         Ring mail         |       |    25 ||    25
  Dodge: Dodged            |    13 |   102 ||   115
         Repelled          |       |     1 ||     1

Table legend:
 A = Non-vault XP
 B = Vault XP
 C = Vault XP percentage of total XP
 D = Non-vault monster count
 E = Vault monster count
 F = Vault count percentage of total count
                 A         B        C        D         E       F
            +---------+---------+-------+---------+---------+-------
      Total |     215 |     206 |  48.9 |      53 |      46 |  46.5
            +---------+---------+-------+---------+---------+-------
        D:1 |      43 |       0 |   0.0 |      23 |       0 |   0.0
        D:2 |      74 |       0 |   0.0 |      16 |       0 |   0.0
        D:3 |      98 |      61 |  38.4 |      14 |       6 |  30.0
      Sewer |       0 |     145 | 100.0 |       0 |      40 | 100.0
            +---------+---------+-------+---------+---------+-------
